Map: Mundo Adormecido LE

Players

blackdead - Winner!

  • Race: Protoss Protoss
  • League: Diamond
  • Spawn Location: 1:00

LowLinK

  • Race: Protoss Protoss
  • League: Diamond
  • Spawn Location: 7:00

VOD

Have the link to the VOD?

Description

Time

  • Played on: Feb. 18, 2020, 9:03 p.m.
  • Length: 10:13
Show
View Real Time Build Order
Export as new Build Order

blackdead Protoss - Winner!

Build Orders:  

Get SALT Encoding   

  12  0:01  Probe  
  13  0:13  Probe  
  14  0:23  Pylon  
  14  0:29  Probe  
  15  0:41  Probe  
  16  0:46  Gateway  
  16  0:50  Gateway  
  16  0:57  Assimilator  
  16  1:03  Probe (Chrono Boost)  
  17  1:04  Assimilator  
  17  1:13  Probe (Chrono Boost)  
  17  1:14  Pylon  
  18  1:18  Probe (Chrono Boost)  
  19  1:30  Probe  
  20  1:37  Cybernetics Core  
  20  1:42  Probe  
  21  1:54  Probe  
  22  2:05  Gateway  
  22  2:09  Pylon  
  22  2:10  Warp Gate (Chrono Boost)  
  22  2:11  Probe  
  23  2:22  Robotics Facility  
  23  2:24  Probe  
  23  2:26  Pylon  
  24  2:49  Stalker  
  24  2:50  Stalker  
  27  2:59  Stalker  
  29  3:09  Shield Battery  
  29  3:14  Immortal (Chrono Boost)  
  33  3:22  Pylon  
  33  3:32  Pylon  
  33  3:49  Immortal (Chrono Boost)  
  37  4:15  Stalker  
  39  4:22  Warp Prism (Chrono Boost)  
  27  4:54  Immortal (Chrono Boost)  
  29  5:15  Gateway  
  29  5:16  Gateway  
  29  5:23  Probe (Chrono Boost)  
  30  5:33  Probe (Chrono Boost)  
  31  5:38  Probe (Chrono Boost), Immortal (Chrono Boost)  
  36  5:50  Probe  
  37  6:10  Immortal  
  41  6:11  Zealot x2  
  45  6:33  Gateway x2  
  45  6:42  Pylon  
  45  6:50  Observer  
  46  7:03  Zealot x2  
  50  7:11  Immortal (Chrono Boost)  
  54  7:28  Pylon  
  54  7:30  Pylon  
  54  7:44  Immortal (Chrono Boost)  
  58  7:51  Zealot  
  58  7:55  Zealot  
  62  8:14  Sentry x3  
  68  8:29  Sentry  
  70  8:35  Observer  
  68  9:04  Immortal  
  66  9:16  Zealot x3  
  68  9:37  Stalker  
  68  9:38  Stalker x2  
  54  10:10  Stalker x3  
Show
View Real Time Build Order
Export as new Build Order

LowLinK Protoss 

Build Orders:  

Get SALT Encoding   

  12  0:01  Probe  
  13  0:13  Probe  
  14  0:18  Pylon  
  14  0:25  Probe (Chrono Boost)  
  15  0:37  Probe (Chrono Boost), Gateway  
  15  0:42  Probe (Chrono Boost)  
  16  0:47  Assimilator  
  17  0:54  Probe  
  17  0:56  Assimilator  
  18  1:06  Probe  
  18  1:08  Pylon  
  19  1:18  Probe  
  20  1:24  Cybernetics Core  
  20  1:30  Probe  
  23  1:42  Probe  
  24  1:54  Probe  
  24  1:58  Warp Gate (Chrono Boost)  
  25  2:03  Stalker  
  25  2:04  Pylon  
  25  2:23  Gateway  
  25  2:32  Gateway  
  25  2:35  Gateway  
  25  2:37  Gateway  
  25  2:50  Sentry  
  25  2:53  Pylon  
  27  3:11  Pylon  
  27  3:38  Stalker  
  27  3:39  Stalker x4  
  37  3:55  Stalker  
  39  4:02  Stalker x3  
  45  4:03  Stalker  
  35  4:47  Stalker x5  
  37  5:04  Stalker  
  38  5:10  Stalker x2  
  42  5:18  Stalker  
  44  5:25  Stalker  
  44  5:40  Stalker x2  
  48  5:53  Forge  
  48  6:04  Twilight Council  
  48  6:17  Stalker  
  50  6:18  Stalker  
  52  6:30  Protoss Ground Weapons Level 1 (Chrono Boost)  
  52  6:57  Pylon  
  52  7:00  Blink  
  52  7:04  Zealot  
  54  7:14  Pylon  
  54  7:25  Stalker x2  
  58  7:32  Stalker  
  60  7:38  Stalker  
  62  7:49  Stalker  
  64  8:06  Probe  
  64  8:07  Stalker x2  
  69  8:57  Nexus  
  69  8:59  Pylon  
  65  9:16  Stalker x4  
  65  9:38  Stalker  
  29  9:51  Stalker x2  
  29  9:53  Stalker x2  
Tags
 
Add a new tag
Caveats
  • Supply blocks, unpowered buildings, or Contaminate may cause inaccurate times.
  • Supply counts are checked every 10 seconds.